 Dungeon Crawl Stone Soup version 0.30.1 (webtiles) character file.

Game seed: 228500542315592317

2644 leafyfresh the Covert (level 9, -12/74 HPs)
             Began as a Gnoll Delver on June 29, 2023.
             Was an Initiate of Ashenzari.
             Mangled by a wyvern (15 damage)
             ... on level 6 of the Dungeon on July 12, 2023.
             The game lasted 00:14:25 (8659 turns).

leafyfresh the Covert (Gnoll Delver)                Turns: 8659, Time: 00:14:26

Health: -12/74     AC:  5    Str: 11    XL:     9   Next: 62%
Magic:  15/15      EV: 19    Int: 10    God:    Ashenzari [......]
Gold:   1255       SH:  6    Dex: 18    Spells: 17/17 levels left

rFire   . . .        j - +3 dagger (freeze)
rCold   . . .        m - +0 buckler
rNeg    . . .        b - +0 leather armour
rPois   +            k - +1 helmet
rElec   .            (no cloak)
rCorr   .            (no gloves)
SInv    .            (no boots)
Will    .....        (no amulet)
Stlth   +++++        s - +5 ring of evasion
HPRegen 0.32/turn    u - ring of poison resistance
MPRegen 0.14/turn

%: no passive effects
@: no status effects
A: fangs 1, strong nose, distributed training
a: Renounce Religion


You were on level 6 of the Dungeon.
You worshipped Ashenzari.
Ashenzari was noncommittal.
You visited 1 branch of the dungeon, and saw 7 of its levels.

You collected 1255 gold pieces.

Inventory:

Hand Weapons
 a - a +1 dagger of venom
 e - a +1 whip of flaming
 j - a +3 dagger of freezing (weapon)
 y - a +1 sling of flaming
 F - a +6 flail of holy wrath
Missiles
 v - 2 throwing nets (quivered)
Armour
 b - a +0 leather armour (worn)
 k - a +1 helmet (worn)
 m - a +0 buckler (worn)
Jewellery
 s - a +5 ring of evasion (left hand)
 u - a ring of poison resistance (right hand)
 z - a +6 ring of intelligence
Wands
 g - a wand of digging (5)
 h - a wand of flame (41)
Scrolls
 c - 2 scrolls of fog
 d - 5 scrolls of magic mapping
 n - a scroll of butterflies
 o - 3 scrolls of teleportation
 p - 3 scrolls of poison
 t - a scroll of blinking
 w - a scroll of noise
 D - a scroll of immolation {unknown}
Potions
 f - a potion of haste
 i - 3 potions of curing {unknown}
 l - 2 potions of mutation {unknown}
 q - a potion of lignification {unknown}
 r - a potion of heal wounds {unknown}
 x - a potion of might {unknown}
 A - a potion of degeneration {unknown}
 E - a potion of attraction {unknown}
 G - a potion of berserk rage


   Skills:
 + Level 8.1 Fighting
 + Level 6.5 Short Blades
 + Level 4.6 Long Blades
 + Level 4.6 Axes
 + Level 4.6 Maces & Flails
 + Level 4.6 Polearms
 + Level 4.6 Staves
 + Level 4.6 Ranged Weapons
 + Level 4.6 Throwing
 + Level 4.6 Armour
 + Level 6.5 Dodging
 + Level 10.6 Stealth
 + Level 4.6 Shields
 + Level 4.6 Unarmed Combat
 + Level 4.6 Spellcasting
 + Level 3.8 Conjurations
 + Level 3.8 Hexes
 + Level 3.8 Summonings
 + Level 3.8 Necromancy
 + Level 3.8 Translocations
 + Level 3.8 Transmutations
 + Level 3.8 Fire Magic
 + Level 3.8 Ice Magic
 + Level 3.8 Air Magic
 + Level 3.8 Earth Magic
 + Level 3.8 Poison Magic
 + Level 5.0 Invocations
 + Level 4.6 Evocations


You had 17 spell levels left.
You didn't know any spells.
Your spell library contained the following spells:

 Spells                   Type           Power      Damage    Failure   Level
 Tukima's Dance           Hex            9%         N/A       26%         3
 Volatile Blastmotes      Fire/Tloc      18%        2d11      26%         3
 Fulminant Prism          Conj/Hex       4%         3d5       65%         4
 Iskenderun's Mystic Bla  Conj/Tloc      9%         2d4       65%         4
 Passage of Golubria      Tloc           9%         N/A       65%         4
 Lee's Rapid Deconstruct  Erth           4%         3d5*      94%         5
 Yara's Violent Unravell  Hex/Tmut       4%         3d4       94%         5


Dungeon Overview and Level Annotations

Branches:
Dungeon (7/15)
 Temple: D:4-7

Altars:
Ashenzari
Cheibriados
Fedhas
Okawaru
Zin

Annotations:
D:5 1 runed translucent door, Pepete's ghost, novice HOFi


Innate Abilities, Weirdness & Mutations

You have very sharp teeth.
Your uncanny sense of smell can sniff out nearby items.
Your experience applies equally to all skills.


Message History

The water moccasin is severely wounded.
You hit the water moccasin.
The water moccasin seems to slow down.
You freeze the water moccasin.
The water moccasin is severely wounded.
The water moccasin bites you.
You hit the water moccasin. You freeze the water moccasin.
Your bite misses the water moccasin.
The water moccasin is almost dead.
The sentinel's mark upon you fades away.
The water moccasin closely misses you.
You hit the water moccasin. You freeze the water moccasin.
You kill the water moccasin!
You hit the wyvern but do no damage. The wyvern bites you.
You hit the wyvern but do no damage. You bite the wyvern.
The wyvern is lightly wounded.
The wyvern bites you.
You hit the wyvern but do no damage.
The wyvern is lightly wounded.
The wyvern closely misses you.
You hit the wyvern but do no damage. You bite the wyvern.
The wyvern is lightly wounded.
You block the wyvern's attack.
You closely miss the wyvern.
The wyvern is lightly wounded.
The wyvern closely misses you.
You closely miss the wyvern.
The wyvern is lightly wounded.
The wyvern bites you!
* * * LOW HITPOINT WARNING * * *
You hit the wyvern. You freeze the wyvern.
The wyvern is lightly wounded.
The wyvern closely misses you.
You hit the wyvern but do no damage. You bite the wyvern, but do no damage.
The wyvern is lightly wounded.
The wyvern misses you. The wyvern bites you!
* * * LOW HITPOINT WARNING * * *
You hit the wyvern. You freeze the wyvern.
The wyvern is moderately wounded.
The wyvern bites you!
You die...

.#############.#####
...#...............#
##.#.######.##.#####
#.#.# #.##.# ###
#...## #.#..# #.#
##...#####.#..# #.#
##......#.#..# #.#
#.####...#..####.#
#.##......>.l@...#
#.######.#.#####.#
####.##...#.#.#####.#
......'...#.........#
####.##...#########.#
####..#...# #.#
......#...# #.#
..~~..#...# ###
.~⌠~.######


You could see a wyvern.

Vanquished Creatures
  Pikel (D:5)
  Grinder (D:3)
  Sigmund (D:2)
  Eustachio (D:6)
  Edmund (D:6)
  3 water moccasins
  A black bear (D:5)
  An ice beast (D:6)
  2 centaurs
  A lemure (D:5)
  2 scorpions (D:6)
  2 howler monkeys
  3 jellies
  8 hounds
  2 sleepcaps (D:5)
  Terence (D:2)
  2 iguanas
  Natasha (thrice) (D:2)
  10 gnolls
  4 adders
  A white imp (D:6)
  3 ufetubi (D:5)
  2 worms
  4 orcs (D:4)
  3 ball pythons
  9 endoplasms
  3 giant cockroaches
  5 goblins
  7 hobgoblins
  2 jackals (D:1)
  6 quokkas
  10 bats
  11 kobolds
  8 rats
124 creatures vanquished.

Notes
Turn   | Place    | Note
-------+----------+-------------------------------------------
     0 | D:5      | Reached skill level 9 in Stealth
     0 | D:5      | leafyfresh the Gnoll Delver began the quest for the Orb.
     0 | D:5      | Reached XP level 1. HP: 23/23 MP: 1/1
    51 | D:5      | Reached XP level 2. HP: 29/29 MP: 2/2
   113 | D:5      | Reached skill level 1 in Invocations
   113 | D:5      | Reached XP level 3. HP: 21/35 MP: 2/4
   116 | D:5      | Noticed a black bear
   298 | D:4      | Reached skill level 1 in Long Blades
   298 | D:4      | Reached skill level 1 in Axes
   298 | D:4      | Reached skill level 1 in Maces & Flails
   298 | D:4      | Reached skill level 1 in Polearms
   298 | D:4      | Reached skill level 1 in Staves
   298 | D:4      | Reached skill level 1 in Ranged Weapons
   298 | D:4      | Reached skill level 1 in Throwing
   298 | D:4      | Reached skill level 1 in Armour
   298 | D:4      | Reached skill level 1 in Shields
   298 | D:4      | Reached skill level 1 in Unarmed Combat
   298 | D:4      | Reached skill level 1 in Spellcasting
   298 | D:4      | Reached skill level 1 in Evocations
   752 | D:4      | Noticed a black bear
   850 | D:3      | Noticed Grinder
   858 | D:3      | Killed Grinder
   859 | D:3      | Reached skill level 1 in Conjurations
   859 | D:3      | Reached skill level 1 in Hexes
   859 | D:3      | Reached skill level 1 in Summonings
   859 | D:3      | Reached skill level 1 in Necromancy
   859 | D:3      | Reached skill level 1 in Translocations
   859 | D:3      | Reached skill level 1 in Transmutations
   859 | D:3      | Reached skill level 1 in Fire Magic
   859 | D:3      | Reached skill level 1 in Ice Magic
   859 | D:3      | Reached skill level 1 in Air Magic
   859 | D:3      | Reached skill level 1 in Earth Magic
   859 | D:3      | Reached skill level 1 in Poison Magic
   859 | D:3      | Reached XP level 4. HP: 41/41 MP: 4/6
   859 | D:3      | Reached XP level 5. HP: 47/47 MP: 4/7
   859 | D:3      | Reached XP level 6. HP: 53/53 MP: 4/8
   971 | D:3      | Reached skill level 5 in Short Blades
   971 | D:3      | Reached skill level 5 in Dodging
  1391 | D:3      | Found a snail-covered altar of Cheibriados.
  2491 | D:2      | Noticed Sigmund
  2878 | D:2      | Found a faded altar of an unknown god.
  2976 | D:2      | Noticed Natasha
  2980 | D:2      | Killed Natasha
  3552 | D:2      | Reached XP level 7. HP: 59/59 MP: 10/10
  3578 | D:2      | Killed Sigmund
  3658 | D:2      | Noticed Terence
  3673 | D:2      | Killed Terence
  3673 | D:2      | Noticed Natasha
  3704 | D:2      | HP: 2/60 [Natasha/puff of flame (11)]
  3705 | D:2      | Killed Natasha
  3706 | D:2      | Reached skill level 10 in Stealth
  3758 | D:2      | Noticed Natasha
  4162 | D:2      | Killed Natasha
  4449 | D:4      | Upgraded the game from 0.30.0-30-g96aa6591b8 to 0.30.1
  4712 | D:4      | Found an iron altar of Okawaru.
  5164 | D:5      | Reached XP level 8. HP: 47/67 MP: 12/12
  5741 | D:5      | Noticed Pikel
  6985 | D:5      | Killed Pikel
  6986 | D:5      | Reached XP level 9. HP: 74/74 MP: 13/15
  7010 | D:5      | Found a runed translucent door.
  7011 | D:5      | Noticed Pepete's ghost (novice HOFi)
  7023 | D:5      | Found a broken altar of Ashenzari.
  7041 | D:5      | Became a worshipper of Ashenzari the Shackled
  7214 | D:5      | Found a glowing silver altar of Zin.
  7319 | D:6      | Noticed Eustachio
  7400 | D:6      | Killed Eustachio
  8252 | D:6      | Found a blossoming altar of Fedhas.
  8338 | D:6      | Noticed Edmund
  8346 | D:6      | Killed Edmund
  8347 | D:6      | Reached skill level 5 in Invocations
  8608 | D:6      | Identified a scroll of acquirement
  8611 | D:7      | Acquired 1021 gold pieces
  8658 | D:6      | HP: 2/74 [wyvern (10)]
  8659 | D:6      | Mangled by a wyvern

Illustrated notes

Levels and vault maps discovered:
D:1:      dpeg_arrival_tiny_c, layout_basic
D:2:      layout_basic, hellmonk_ecumenical_altar_prayer_group,
          hangedman_feature_mirror, hangedman_decor_opposing, uniq_sigmund,
          uniq_natasha, uniq_terence
D:3:      layout_loops_ring, mainiacjoe_overflow_24_doors,
          grunt_decor_one_mirror, uniq_grinder
D:4:      layout_gridville, lemuel_coloured_pillars_altar
D:5:      minmay_angry_zag, layout_rooms, general_overflow_altar,
          gammafunk_ghost_grave, minmay_ruined_shrine, uniq_pikel
D:6:      layout_basic, fedhas_altar_4, corexii_leaking_fountain,
          uniq_eustachio, uniq_edmund
D:7:      layout_loops_ring, mainiacjoe_overflow_concentric_impassable,
          mainiacjoe_overflow_brackets, minmay_temple_entry_wispy,
          minmay_manual_mail, uniq_duvessa

Skill      XL: |  1  2  3  4  5  6  7  8  9 |
---------------+----------------------------+-----
Stealth        | 10 | 10.6
Invocations    | 1 2 3 4 5 |  5.0
Long Blades    | 1 2 3 4 |  4.6
Axes           | 1 2 3 4 |  4.6
Maces & Flails | 1 2 3 4 |  4.6
Polearms       | 1 2 3 4 |  4.6
Staves         | 1 2 3 4 |  4.6
Ranged Weapons | 1 2 3 4 |  4.6
Throwing       | 1 2 3 4 |  4.6
Armour         | 1 2 3 4 |  4.6
Shields        | 1 2 3 4 |  4.6
Unarmed Combat | 1 2 3 4 |  4.6
Spellcasting   | 1 2 3 4 |  4.6
Evocations     | 1 2 3 4 |  4.6
Conjurations   | 1 2 3 |  3.8
Hexes          | 1 2 3 |  3.8
Summonings     | 1 2 3 |  3.8
Necromancy     | 1 2 3 |  3.8
Translocations | 1 2 3 |  3.8
Transmutations | 1 2 3 |  3.8
Fire Magic     | 1 2 3 |  3.8
Ice Magic      | 1 2 3 |  3.8
Air Magic      | 1 2 3 |  3.8
Earth Magic    | 1 2 3 |  3.8
Poison Magic   | 1 2 3 |  3.8
Short Blades   | 5 6 |  6.5
Dodging        | 5 6 |  6.5
Fighting       | 7 8 |  8.1

Action                     |  1- 3 |  4- 6 |  7- 9 || total
---------------------------+-------+-------+-------++-------
  Melee: Short sword       |    49 |       |       ||    49
         Bite              |     4 |    19 |    68 ||    91
         Dagger            |     9 |   170 |   401 ||   580
         Punch             |     1 |     1 |       ||     2
    Use: Scroll            |       |     6 |     6 ||    12
         Potion            |       |     1 |     2 ||     3
   Stab: Sleeping          |     6 |    16 |    10 ||    32
         Distracted        |     1 |     2 |     1 ||     4
 Armour: Leather armour    |    14 |    20 |    42 ||    76
  Dodge: Dodged            |    25 |    82 |   268 ||   375
  Block: Buckler           |       |    17 |    78 ||    95
